 Dungeon Crawl Stone Soup version 0.28.0-62-gf88900778d (webtiles) character file.

Game seed: 13701005165020944029

51 Froggeryz the Skirmisher (level 3, -1/29 HPs)
             Began as a Demonspawn Abyssal Knight on Jan 29, 2024.
             Was a Follower of Lugonu.
             Slain by a kobold
             ... wielding a +0 short sword
              (5 damage)
             ... on level 2 of the Dungeon.
             The game lasted 00:01:09 (1645 turns).

Froggeryz the Skirmisher (DsAK)                     Turns: 1645, Time: 00:01:09

Health: -1/29      AC:  6    Str: 15    XL:     3   Next: 58%
Magic:  4/4        EV: 10    Int: 11    God:    Lugonu [*.....]
Gold:   36         SH:  0    Dex: 13    Spells: 2/2 levels left

rFire   . . .      SeeInvis .     - Unarmed
rCold   . . .      Faith    .   (no shield)
rNeg    . . .      Spirit   .   c - +0 ring mail
rPois   .          Reflect  .   (no helmet)
rElec   .          Harm     .   (no cloak)
rCorr   .          Rampage  .   (no gloves)
Will    .....                   d - +0 pair of boots
Stlth   +.........              (no amulet)
HPRegen 0.09/turn               (no ring)
MPRegen 0.09/turn               (no ring)

@: no status effects
A: ignite blood 1, spiny 1
a: Renounce Religion, Depart the Abyss


You were on level 2 of the Dungeon.
You worshipped Lugonu.
Lugonu was aware of your devotion.
You visited 1 branch of the dungeon, and saw 2 of its levels.
You visited the Abyss 1 time.

You collected 36 gold pieces.

Inventory:

Armour
 c - a +0 ring mail (worn)
 d - a +0 pair of boots (worn)
Scrolls
 a - 2 scrolls of fear {unknown}
 b - 3 scrolls of identify {unknown}
 e - a scroll of noise {unknown}
 i - a scroll of summoning {unknown}
Potions
 f - a potion of haste {unknown}
 g - 2 potions of curing {unknown}
 h - a potion of ambrosia {unknown}


   Skills:
 + Level 3.4 Fighting
 + Level 2.2 Armour
 - Level 1.1 Dodging
 * Level 2.8 Unarmed Combat
 - Level 2.4 Invocations


You had 2 spell levels left.
You didn't know any spells.
Your spell library contained the following spells:

 Spells                   Type           Power      Damage    Failure   Level
 Blink                    Tloc           0%         N/A       71%         2
 Lesser Beckoning         Tloc           0%         N/A       90%         3
 Manifold Assault         Tloc           0%         N/A       100%        5


Dungeon Overview and Level Annotations

Branches:
Dungeon (2/15)

Altars:


Innate Abilities, Weirdness & Mutations

Your demonic aura sometimes causes spilled blood to erupt in flames.
You are partially covered in sharp spines.


Message History

The adder is moderately wounded.
You feel sick. The adder barely misses you.
You hit the adder.
The adder is heavily wounded.
You feel sick.
The adder is engulfed in blazing flames.
You kill the adder!
Lugonu accepts your kill. The kobold is struck by your spines.
The kobold hits you with a +0 short sword.
You hit the kobold but do no damage.
The kobold is moderately wounded.
You feel sick. The kobold hits you but does no damage.
You closely miss the kobold.
The kobold is moderately wounded.
You feel sick.
The dart slug bites you but does no damage.
The kobold hits you with a +0 short sword.
You are too injured to fight recklessly!
You feel sick.
You hit the dart slug.
The dart slug is moderately wounded.
You feel sick.
You hit the dart slug.
The dart slug is severely wounded.
You feel sick.
The kobold hits you with a +0 short sword.
* * * LOW HITPOINT WARNING * * *
The dart slug launches a dart at you.
The slug dart hits you but does no damage.
You closely miss the kobold.
The kobold is moderately wounded.
You feel sick.
You are no longer poisoned.
The kobold hits you with a +0 short sword.
* * * LOW HITPOINT WARNING * * *
You barely miss the kobold.
The kobold is moderately wounded.
The kobold hits you with a +0 short sword.
You die...

# #..........#### #≈
#.............. #≈#
#..........###. ##≈≈##
#..........# ##
#≈≈≈..#####.....########
#.≈≈....#.........).....
##≈≈≈...........#.#####..
#..≈≈..w..........#####..
#..≈....@................
#.≈≈≈.†.K..........##....
#..≈≈≈≈...............>..
#..≈≈.≈..........##....##
#...≈............##.##.).
#..≈≈≈.≈............#####
#≈.≈≈≈≈..#......###...###
#..≈≈..≈#####... ###†##.
#†.#.


You could see a dart slug and a kobold.

Vanquished Creatures
  An adder (D:2)
  2 dart slugs
  2 bats
  4 endoplasms
  2 giant cockroaches
  4 goblins
  6 hobgoblins
  6 ball pythons
  A frilled lizard (D:1)
  4 kobolds (D:1)
  3 rats (D:2)
35 creatures vanquished.

Notes
Turn   | Place    | Note
-------+----------+-------------------------------------------
     0 | Abyss:1  | Froggeryz the Demonspawn Abyssal Knight began the quest for
                  | the Orb.
     0 | Abyss:1  | Reached XP level 1. HP: 18/18 MP: 2/2
   158 | Abyss:1  | Noticed a will-o-the-wisp
   162 | Abyss:1  | Noticed a ynoxinul
   165 | D:1      | Escaped the Abyss
   346 | D:1      | Reached skill level 1 in Dodging
   700 | D:1      | Gained mutation: You are partially covered in sharp spines.
                  | [demonic ancestry]
   700 | D:1      | Reached XP level 2. HP: 22/24 MP: 3/3
  1019 | D:1      | Reached * piety under Lugonu
  1302 | D:2      | Found a faded altar of an unknown god.
  1374 | D:2      | Gained mutation: Your demonic aura sometimes causes spilled
                  | blood to erupt in flames. [demonic ancestry]
  1374 | D:2      | Reached XP level 3. HP: 22/29 MP: 4/4
  1645 | D:2      | Slain by a kobold

Illustrated notes

Levels and vault maps discovered:
D:1:      dpeg_arrival_long_road, layout_basic
D:2:      layout_rooms, nicolae_ecumenical_lake_church, moated_statue,
          chequers_serial_rivers_small_3, patterned_corridor

Skill      XL: |  1  2 |
---------------+-------+-----
Dodging        | 1 |  1.1
Unarmed Combat | 2 |  2.8
Armour         | 2 |  2.2
Fighting       | |  3.4
Invocations    | |  2.4

Action                   || total
-------------------------++-------
Melee: Unarmed           ||   105
       Punch             ||     4
Invok: Depart the Abyss  ||     1
Armor: Leather armour    ||     8
       Ring mail         ||    19
Dodge: Dodged            ||    50
